 Dungeon Crawl Stone Soup version 0.19-a0-1682-g5114f93 (webtiles) character file.

100 Saways the Bolt Thrower (level 4, -6/40 HPs)
             Began as a Deep Dwarf Hunter on Sept 24, 2016.
             Mangled by an orc wizard
             ... wielding a +0 dagger of distortion
              (21 damage)
             ... on level 3 of the Dungeon.
             The game lasted 00:01:57 (1762 turns).

Saways the Bolt Thrower (Deep Dwarf Hunter)         Turns: 1762, Time: 00:01:58

Health: -6/40      AC:  6    Str: 15    XL:     4   Next: 46%
Magic:  13/13      EV: 12    Int: 12    God:
Gold:   142        SH:  0    Dex: 14    Spells: 0 memorised, 3 levels left

rFire  . . .     SeeInvis .     s - +2 hand axe (flame)
rCold  . . .     Gourm    .     c - +0 leather armour
rNeg   . . .     Faith    .     (no shield)
rPois  .         Spirit   .     (no helmet)
rElec  .         Dismiss  .     d - +1 cloak
rCorr  .         Reflect  .     (no gloves)
MR     .....     Harm     .     (no boots)
Stlth  +++.......               (no amulet)
                                h - ring of magical power
                                q - ring of stealth

@: non-regenerating
A: damage resistance, recharge devices, sense surroundings 1, slow regeneration
3
a: Device Recharging


You were on level 3 of the Dungeon.
You were not hungry.

You visited 1 branch of the dungeon, and saw 3 of its levels.

You collected 142 gold pieces.

Inventory:

Hand Weapons
 a - a +1 hand crossbow
 s - a +2 hand axe of flaming (weapon)
Missiles
 p - 4 bolts
Armour
 c - a +0 leather armour (worn)
 d - a +1 cloak (worn)
Jewellery
 h - a ring of magical power (right hand)
 q - a ring of stealth (left hand)
Wands
 e - a wand of heal wounds (4/9)
Scrolls
 b - a scroll of immolation {unknown}
 i - 4 scrolls of identify {unknown}
 m - 3 scrolls of remove curse {unknown}
 o - a scroll of magic mapping {unknown}
 t - a scroll of random uselessness {unknown}
 u - a scroll of teleportation {unknown}
Potions
 g - a potion of lignification {unknown}
 k - a potion of ambrosia {unknown}
 l - a potion of curing {unknown}
 r - a potion of invisibility {unknown}
 v - a potion of degeneration {unknown}
Comestibles
 f - a bread ration
 j - 2 meat rations
 n - 2 slices of pizza


   Skills:
 + Level 2.4 Fighting
 * Level 0.4 Axes
 * Level 5.9 Crossbows
 + Level 1.0 Armour
 + Level 2.2 Dodging
 - Level 1.2 Stealth


You had 3 spell levels left.
You didn't know any spells.

Dungeon Overview and Level Annotations

Branches:
Dungeon (3/15)

Altars:


Innate Abilities, Weirdness & Mutations

You are resistant to damage.
You can recharge devices by infusing magical energy.
You passively map a small area around you.
You do not regenerate.


Message History

You open the door.
There is an open door here.
You now have 142 gold pieces (gained 15).
An orc wizard comes into view. It is wielding a dagger of distortion.
The orc wizard shouts! 2 orcs come into view.
The orc shouts!
The orc wizard hits you with a dagger of distortion.
Space bends around you.
Found 16 gold pieces.
You closely miss the orc wizard.
The orc shouts!
The orc wizard casts a spell at you. The puff of flame hits you!
Unknown command.
You closely miss the orc wizard.
The orc wizard hits you with a dagger of distortion.
Space warps horribly around you!
Ouch! That really hurt!
You die...

#.....†......###'####
#...................#
*#.##................#
#.##................#
####.##########.##.....#
#....# #..,*#.##..##.###
#....# #...##.##..##...#
#....#####..........####.####
............o.oo@...........#
####.#####...##.###.#########
#.# # #. ,#.# #.# * , .. ,..#
# #.# #.$*##.# # #.# #.. #.#
# #.# #.. #.. ## #.# #.#* ###
* ** .# #.# * *


You could see an orc wizard and 2 orcs.

Vanquished Creatures
  An adder (D:2)
  3 worms
  3 dart slugs
  5 leopard geckos
  5 orcs (D:3)
  8 bats
  5 giant cockroaches
  13 goblins
  4 hobgoblins
  2 ball pythons
  A frilled lizard (D:2)
  4 kobolds
  7 rats
61 creatures vanquished.

Notes
Turn   | Place    | Note
-------+----------+-------------------------------------------
     0 | D:1      | Saways the Deep Dwarf Hunter began the quest for the Orb.
     0 | D:1      | Reached XP level 1. HP: 19/19 MP: 1/1
   135 | D:1      | Reached XP level 2. HP: 26/26 MP: 2/2
   213 | D:1      | Reached skill level 5 in Crossbows
   669 | D:1      | Reached XP level 3. HP: 28/32 MP: 3/3
  1218 | D:2      | Reached XP level 4. HP: 27/39 MP: 4/4
  1370 | D:2      | Reached skill level 1 in Armour
  1762 | D:3      | Mangled by an orc wizard

Vault maps used:
D:1:      dpeg_arrival_line_fractal, serial_corexii_hall,
          corexii_hall_statues_i, corexii_hall_statues_t, minmay_tromino_v2
D:2:      kb_forest_paths
D:3:      grunt_temple_overflow_open

Skill      XL: |  1  2  3  4 |
---------------+-------------+-----
Crossbows      | 5 |  5.9
Fighting       | 2 |  2.4
Armour         | 1 |  1.0
Axes           | |  0.4
Dodging        | |  2.2
Stealth        | |  1.2

Action                   |  1- 3 |  4- 6 || total
-------------------------+-------+-------++-------
Melee: Short sword       |    16 |       ||    16
       Hand axe          |    10 |    50 ||    60
 Fire: Hand crossbow     |    81 |       ||    81
Evoke: Wand              |       |     1 ||     1
 Stab: Sleeping          |       |     4 ||     4
  Eat: Chunk             |       |     3 ||     3
Armor: Leather armour    |     7 |    15 ||    22
Dodge: Dodged            |    33 |    35 ||    68
